 Dungeon Crawl Stone Soup version 0.28-b1-70-g80dc712255 (webtiles) character file.

Game seed: 5820477614787702749

12779 pkoi the Arsonist (level 11, -1/85 HPs)
             Began as a Red Draconian Fire Elementalist on Feb 3, 2022.
             Was a Believer of Sif Muna.
             Slain by a komodo dragon (18 damage)
             ... on level 3 of the Lair of Beasts.
             The game lasted 00:17:28 (16886 turns).

pkoi the Arsonist (DrFE)                           Turns: 16886, Time: 00:17:29

Health: -1/85      AC: 13    Str: 10    XL:     11   Next: 66%
Magic:  13/19      EV: 13    Int: 20    God:    Sif Muna [**....]
Gold:   412        SH:  0    Dex: 12    Spells: 13/21 levels left

rFire   + . .      SeeInvis +   n - +2 short sword (elec)
rCold   . . .      Faith    .   (no shield)
rNeg    . . .      Spirit   .   (armour unavailable)
rPois   .          Reflect  .   (helmet restricted)
rElec   .          Harm     .   h - +2 cloak
rCorr   .          Rampage  .   p - +0 pair of gloves
Will    .....                   d - +1 pair of boots
Stlth   ++........              k - amulet of regeneration
HPRegen 1.04/turn               i - ring of see invisible
MPRegen 0.16/turn               (no ring)

@: short of breath
A: breathe fire, AC +7, unfitting armour, fire resistance 1, cold-blooded
a: Breathe Fire, Renounce Religion, Channel Magic


You were on level 3 of the Lair of Beasts.
You worshipped Sif Muna.
Sif Muna was pleased with you.
You visited 3 branches of the dungeon, and saw 12 of its levels.

You collected 608 gold pieces.
You spent 196 gold pieces at shops.

Inventory:

Hand Weapons
 c - a +0 short sword
 e - a +2 mace of protection
 n - a +2 short sword of electrocution (weapon)
Armour
 d - a +1 pair of boots (worn)
 h - a +2 cloak (worn)
 p - a +0 pair of gloves (worn)
Magical Staves
 B - a staff of conjuration
Jewellery
 a - a ring of protection from cold
 f - a ring of ice
 i - a ring of see invisible (left hand)
 k - an amulet of regeneration (around neck)
Wands
 s - a wand of iceblast (15)
 x - a wand of mindburst (17)
Scrolls
 g - 2 scrolls of magic mapping
 m - 3 scrolls of identify
 q - 5 scrolls of teleportation
 r - a scroll of enchant armour
 t - a scroll of fog
 u - a scroll of silence
 w - 2 scrolls of amnesia {unknown}
 y - a scroll of holy word {unknown}
Potions
 b - a potion of attraction
 j - 10 potions of curing
 l - a potion of flight
 o - 2 potions of magic
 v - a potion of heal wounds
 z - a potion of cancellation
 A - a potion of haste


   Skills:
 + Level 4.9 Fighting
 + Level 4.5 Dodging
 - Level 1.7 Stealth
 + Level 5.6 Spellcasting
 + Level 11.6 Conjurations
 + Level 14.1 Fire Magic
 - Level 3.0 Earth Magic


You had 13 spell levels left.
You knew the following spells:

 Your Spells              Type           Power      Damage    Failure   Level
a - Foxfire               Conj/Fire      100%       2x1d9     1%          1
b - Flame Wave            Conj/Fire      55%        2d11      1%          4
c - Stone Arrow           Conj/Erth      70%        3d11      1%          3

Your spell library contained the following spells:

 Spells                   Type           Power      Damage    Failure   Level
 Scorch                   Fire           100%       2d10      1%          2
 Conjure Flame            Conj/Fire      55%        6-21      1%          3
 Inner Flame              Hex/Fire       34%        N/A       1%          3
 Sandblast                Erth           34%        2d9       3%          1
 Passwall                 Tmut/Erth      9%         N/A       9%          2
 Beastly Appendage        Tmut           10%        N/A       11%         1
 Wereblood                Tmut           5%         N/A       17%         2
 Spider Form              Tmut/Pois      5%         N/A       32%         3
 Cause Fear               Hex            2%         N/A       73%         4
 Discord                  Hex            2%         N/A       100%        8


Dungeon Overview and Level Annotations

Branches:
Dungeon (8/15)             Temple (1/1) D:6            Lair (3/6) D:8
 Spider (0/4) Lair:2
  Swamp: Lair:2-4    Shoals: Lair:2-4

Altars:
Ashenzari
Cheibriados
Dithmenos
Elyvilon
Fedhas
Gozag
Hepliaklqana
Kikubaaqudgha
Makhleb
Nemelex Xobeh
Okawaru
Qazlal
Ru
Sif Muna
Trog
Uskayaw
Vehumet
Wu Jian
Xom
Yredelemnul
Zin
The Shining One

Shops:
D:2 !   D:8 ***((

Annotations:
D:3 1 runed translucent door, unlimited1921's ghost, amateur OgFE


Innate Abilities, Weirdness & Mutations

You can breathe blasts of fire.
Your fiery red scales are hard. (AC +7)
You cannot fit into any form of body armour.
Your flesh is heat resistant. (rF+)
You are cold-blooded and may be slowed by cold attacks.


Message History

Press: ? - help, Dir - look around, f - activate A wave of flame ripples out!
The flame wave engulfs the wind drake!
You kill the wind drake!
Sif Muna accepts your kill.
The flame wave engulfs the fungus!
The fungus begins to die.
The fungus is lightly damaged. (Press . to intensify the flame waves.)
You hear a howl!
Something bites the fungus!!
Something claws the fungus!
Something claws the fungus.
The wolf closely misses you.
Something bites the fungus!
Something claws the fungus.
Something claws the fungus!
The wolf closely misses you.
Something bites the fungus!
Something claws the fungus! x2
A nearby fungus withers and dies.
Something bites the fungus.
Something claws the fungus.
Something claws the fungus!
The wolf barely misses you. The wolf closely misses you.
A wolf comes into view.
The wolf bites you. The wolf bites you but does no damage. The wolf bites you!
* * * LOW HITPOINT WARNING * * *
The wolf misses you. The wolf misses you.
The wolf bites you but does no damage. The wolf closely misses you.
The wolf bites you.
* * * LOW HITPOINT WARNING * * *
The wolf closely misses you. The wolf closely misses you.
A komodo dragon comes into view.
The wolf bites you but does no damage. The wolf bites you.
* * * LOW HITPOINT WARNING * * *
The wolf bites you.
* * * LOW HITPOINT WARNING * * *
The wolf bites you.
* * * LOW HITPOINT WARNING * * *
A wolf comes into view.
The wolf bites you.
* * * LOW HITPOINT WARNING * * *
The komodo dragon bites you!!
You die...

......h.............#.#
........H...........###
....................#
P.♣..................#
..♣..................#
...........^.........#
........h...#.#...P.###
P..#..hh.....#####..#.#
..##.@l...### #...#
♣..........##. ##.##
P...........##... ##.#
..#..........#... #..## .
##........##...###.P#
P.............#P...#..##
..............##.P.[....##
.......................#.#
........<..............###


You could see a manticore, a komodo dragon and 3 wolves.

Vanquished Creatures
  4 hydras (Lair:2)
  Pikel (D:6)
  6 elephants
  2 black mambas
  3 cane toads (Lair:1)
  A komodo dragon (D:8)
  A polar bear (Lair:2)
  A wind drake (Lair:3)
  3 blink frogs (Lair:2)
  A shadow (D:6)
  3 redbacks (Lair:2)
  2 steam dragons
  2 basilisks
  2 wyverns (Lair:2)
  Menkaure (D:4)
  5 water moccasins
  Duvessa (D:4)
  2 orc warriors
  An ice beast (D:6)
  5 black bears
  A sky beast (D:7)
  An ogre (D:6)
  A necrophage (D:7)
  A centaur (D:5)
  2 lemures (D:7)
  A phantom (D:6)
  9 bullfrogs
  4 scorpions
  A wyvern zombie (D:8)
  2 water moccasin zombies (D:6)
  Dowan (D:4)
  A wyvern skeleton (D:5)
  2 electric eels (Lair:1)
  3 wights (D:8)
  3 howler monkeys (D:8)
  A bullfrog skeleton (D:5)
  A jelly (D:5)
  2 orc priests
  Jessica (D:3)
  3 iguanas
  4 orc wizards
  A killer bee zombie (D:7)
  A hound skeleton (D:4)
  2 howler monkey zombies
  8 adders
  2 worms
  A dart slug (D:3)
  23 orcs
  10 bats
  5 endoplasms
  4 giant cockroaches
  11 goblins
  6 hobgoblins
  5 kobolds
  4 quokkas
  8 ball pythons
  A frilled lizard (D:3)
  6 rats
190 creatures vanquished.

Vanquished Creatures (collateral kills)
  14 foxfires
14 creatures vanquished.

Vanquished Creatures (others)
  819 foxfires
  58 fungi
  64 plants
941 creatures vanquished.

Grand Total: 1145 creatures vanquished

Notes
Turn   | Place    | Note
-------+----------+-------------------------------------------
     0 | D:1      | pkoi the Draconian Fire Elementalist began the quest for
                  | the Orb.
     0 | D:1      | Reached XP level 1. HP: 14/14 MP: 3/3
   429 | D:1      | Reached XP level 2. HP: 20/20 MP: 0/5
  1272 | D:2      | Reached XP level 3. HP: 2/26 MP: 0/6
  1755 | D:2      | Reached skill level 4 in Fire Magic
  1878 | D:2      | Reached XP level 4. HP: 33/33 MP: 1/7
  2124 | D:2      | Found Ixzeb's Distillery.
  2330 | D:2      | Found a faded altar of an unknown god.
  3496 | D:3      | Noticed Jessica
  3502 | D:3      | Killed Jessica
  3572 | D:3      | Found a shimmering blue altar of Sif Muna.
  3669 | D:3      | Became a worshipper of Sif Muna the Loreminder
  4024 | D:3      | Found a runed translucent door.
  4024 | D:3      | Noticed unlimited1921's ghost (amateur OgFE)
  4300 | D:4      | Reached XP level 5. HP: 38/38 MP: 4/8
  4754 | D:4      | Noticed Menkaure
  4766 | D:4      | Killed Menkaure
  4767 | D:4      | Reached skill level 5 in Fire Magic
  4767 | D:4      | Reached XP level 6. HP: 6/45 MP: 3/9
  5262 | D:4      | Noticed Duvessa
  5265 | D:4      | Noticed Dowan
  5285 | D:4      | Killed Duvessa
  5293 | D:4      | Killed Dowan
  5294 | D:4      | Reached skill level 5 in Conjurations
  5631 | D:5      | Entered Level 5 of the Dungeon
  5637 | D:5      | Learned a level 4 spell: Flame Wave
  5682 | D:5      | Reached skill level 6 in Fire Magic
  5682 | D:5      | Your scales start taking on a fiery red colour.
  5682 | D:5      | Reached skill level 7 in Fire Magic
  5682 | D:5      | Reached XP level 7. HP: 47/50 MP: 1/10
  5682 | D:5      | Gained mutation: Your flesh is heat resistant. (rF+) [Red
                  | Draconian growth]
  6456 | D:5      | Reached * piety under Sif Muna
  6457 | D:5      | Reached skill level 8 in Fire Magic
  6983 | D:5      | Reached XP level 8. HP: 40/57 MP: 2/11
  7398 | D:6      | Reached skill level 9 in Fire Magic
  8125 | D:6      | Reached skill level 10 in Fire Magic
  8426 | D:6      | Found a staircase to the Ecumenical Temple.
  8465 | Temple   | Entered the Ecumenical Temple
  9265 | D:7      | Noticed Pikel
  9708 | D:6      | Killed Pikel
  9709 | D:6      | Reached skill level 11 in Fire Magic
  9709 | D:6      | Reached XP level 9. HP: 25/62 MP: 12/12
 10993 | D:8      | Found Heuxio's General Store.
 11141 | D:2      | Bought a potion of degeneration for 14 gold pieces
 11141 | D:2      | Bought a potion of heal wounds for 70 gold pieces
 11141 | D:2      | Bought a potion of mutation for 112 gold pieces
 11309 | D:7      | Learned a level 3 spell: Stone Arrow
 11362 | D:8      | Found Ress's General Store.
 11362 | D:8      | Found Saeziwn's General Store.
 11416 | D:8      | Reached skill level 12 in Fire Magic
 11496 | D:8      | Found Oxzeajegu's Weapon Emporium.
 11558 | D:8      | Reached skill level 1 in Earth Magic
 11644 | D:8      | Noticed a komodo dragon
 11669 | D:8      | Killed a komodo dragon
 11670 | D:8      | Reached skill level 10 in Conjurations
 11771 | D:8      | Found a staircase to the Lair.
 11776 | D:8      | Noticed a komodo dragon
 11778 | D:8      | Reached XP level 10. HP: 69/69 MP: 14/14
 12330 | D:8      | Reached ** piety under Sif Muna
 13189 | D:8      | Found Dafuoz's Antique Weapon Shop.
 13229 | Lair:1   | Entered Level 1 of the Lair of Beasts
 13454 | Lair:1   | Noticed a cane toad
 13457 | Lair:1   | Killed a cane toad
 13857 | Lair:1   | Noticed a black mamba
 13862 | Lair:1   | Killed a black mamba
 13886 | Lair:1   | Reached skill level 13 in Fire Magic
 13971 | Lair:1   | Noticed a cane toad
 13980 | Lair:1   | Killed a cane toad
 14464 | Lair:2   | Reached skill level 1 in Fighting
 14497 | Lair:2   | Noticed an eight-headed hydra
 14552 | Lair:2   | Noticed a four-headed hydra
 14556 | Lair:2   | Killed an eight-headed hydra
 14756 | Lair:2   | Noticed an elephant
 14758 | Lair:2   | Noticed an elephant
 14759 | Lair:2   | Noticed an elephant
 14759 | Lair:2   | Noticed an elephant
 14760 | Lair:2   | Noticed a cane toad
 14789 | Lair:1   | Killed an elephant
 14968 | Lair:2   | Noticed an elephant
 14968 | Lair:2   | Noticed an elephant
 15006 | Lair:2   | Killed an elephant
 15030 | Lair:1   | Killed an elephant
 15031 | Lair:1   | Reached XP level 11. HP: 55/81 MP: 10/17
 15212 | Lair:2   | Found a hole to the Spider Nest.
 15504 | Lair:2   | Noticed a four-headed hydra
 15520 | Lair:2   | Killed a four-headed hydra
 15521 | Lair:2   | Reached skill level 5 in Spellcasting
 15614 | Lair:2   | Noticed a seven-headed hydra
 15617 | Lair:2   | Killed a seven-headed hydra
 15719 | Lair:2   | Killed a four-headed hydra
 15720 | Lair:2   | Reached skill level 14 in Fire Magic
 16886 | Lair:3   | Slain by a komodo dragon

Illustrated notes

Levels and vault maps discovered:
D:1:      dpeg_arrival_subterranean_lakeside_camping, layout_basic,
          minmay_large_rounded_square, item_on_display_a
D:2:      layout_loops_ring, serial_shops, nicolae_shop_waterfront,
          hellmonk_ecumenical_altar_heavens_door, chequers_serial_rivers_micro_a
D:3:      layout_loops_ring, tgw_sif, ebering_ghost_inner_flame
D:4:      layout_loops_ring, hangedman_decor_opposing, uniq_menkaure,
          uniq_duvessa
D:5:      layout_basic
D:6:      layout_loops_ring, minmay_temple_entry_wispy
D:7:      layout_cave_pods, uniq_pikel
D:8:      layout_basic, due_lair_maze_entry_diamond, serial_shops,
          nicolae_shop_waterfront, shop, shop, nicolae_shop_behind_doors,
          shop_coins
Temple:   minmay_crystal_snake_temple
Lair:1:   layout_gridlike, serial_bayou_pond_d, minivault_23,
          infiniplex_staircase_pool, serial_bayou_shore_a
Lair:2:   layout_layer_cave, spider_nest_entry_webs
Lair:3:   layout_regular_city, minmay_shoals_entry_beasts,
          grunt_forest_large_clearing_hut, lemuel_fruit_fields

Skill      XL: |  1  2  3  4  5  6  7  8  9 10 11 |
---------------+----------------------------------+-----
Conjurations   | 2 3 4 5 6 8 10 11 | 11.6
Fire Magic     | 4 5 7 8 11 12 13 14 | 14.1
Earth Magic    | 1 3 |  3.0
Spellcasting   | 4 5 |  5.6
Dodging        | 3 4 |  4.5
Fighting       | 2 4 |  4.9
Stealth        | |  1.7

Action                   |  1- 3 |  4- 6 |  7- 9 | 10-12 || total
-------------------------+-------+-------+-------+-------++-------
Melee: Unarmed           |     2 |       |       |       ||     2
       Short sword       |    40 |    11 |    51 |    38 ||   140
       Tailslap          |     6 |     9 |    18 |     9 ||    42
       Mace              |       |    82 |    71 |       ||   153
       Punch             |       |       |     1 |       ||     1
 Cast: Foxfire           |    68 |    87 |   181 |   146 ||   482
       Flame Wave        |       |       |       |    14 ||    14
 Abil: Breathe Fire      |       |       |     9 |    21 ||    30
  Use: Potion            |     2 |     2 |     5 |       ||     9
       Scroll            |     2 |       |     9 |       ||    11
 Stab: Sleeping          |       |     1 |       |     1 ||     2
Armor: Skin              |    28 |    58 |   101 |    70 ||   257
Dodge: Dodged            |    48 |    82 |   105 |    98 ||   333
